[Event "9th HDBank Open 2019"]
[Site "Ho Chi Minh City"]
[Date "2019.03.08"]
[Round "3.17"]
[White "Fenil, Shah"]
[Black "Nguyen, Anh Khoi"]
[Result "0-1"]
[ECO "B22"]
[WhiteElo "2360"]
[BlackElo "2484"]
[Annotator "RC"]
[PlyCount "65"]
[EventDate "2019.03.07"]
[EventType "swiss"]
[EventCountry "VIE"]
[SourceTitle "playchess.com"]
[Source "ChessBase"]
[SourceQuality "1"]
[TimeControl "5400+30"]

1. e4 c5 2. c3 d5 3. exd5 Qxd5 4. d4 g6 5. Nf3 Bg7 6. Na3 cxd4 7. Bc4 Qe4+ 8. Be3 Nh6 9. Nb5 O-O 10. cxd4 Nc6 11. Nc3 Qf5 12. h3 Qa5 13. O-O Nf5 14. a3 Qd8 15. Ne2 b6 16. Rc1 Bb7 17. b4 e6 18. d5 exd5 19. Bxd5 Nxe3 20. fxe3 Rc8 21. e4 b5 22. Qb3 Qe7 23. Nf4 Bh6 24. Qe3 a5 25. Nd4 Ne5 26. Bxb7 Rxc1 27. Qxc1 Qxb7 28. Qc5 Bxf4 29. Rxf4 Nd3 30. Qd6 Nxf4 31. Qxf4 Qb6 32. Qf2 Rd8 33. Qc2 0-1

[Event "9th HDBank Open 2019"]
[Site "Ho Chi Minh City"]
[Date "2019.03.08"]
[Round "3.20"]
[White "Vo, Thi Kim Phung"]
[Black "Mendonca, Leon Luke"]
[Result "0-1"]
[ECO "E32"]
[WhiteElo "2349"]
[BlackElo "2446"]
[Annotator "NA"]
[PlyCount "156"]
[EventDate "2019.03.07"]
[EventType "swiss"]
[EventCountry "VIE"]
[SourceTitle "playchess.com"]
[Source "ChessBase"]
[SourceQuality "1"]
[TimeControl "5400+30"]

1. d4 Nf6 2. c4 e6 3. Nc3 Bb4 4. Qc2 O-O 5. Nf3 d6 6. g3 b6 7. Bg2 Bb7 8. O-O Nbd7 9. Nd1 d5 10. c5 bxc5 11. a3 Ba5 12. dxc5 c6 13. b4 Bc7 14. Bb2 Rc8 15. Nc3 e5 16. Rfd1 Bb8 17. Bh3 Qe7 18. Nh4 g6 19. e4 d4 20. Na4 Kg7 21. Bc1 h6 22. Nb2 Rcd8 23. f3 Rh8 24. Nc4 Nf8 25. Na5 Ba8 26. a4 Ne6 27. Ba3 Ng5 28. Bf1 Bc7 29. Nc4 a6 30. Bd3 Qe6 31. Qe2 Bb7 32. Nd2 Ra8 33. Bc4 Qd7 34. Nf1 Nh5 35. Bd3 Nh3+ 36. Kh1 Rhe8 37. Bb2 Qe7 38. Ng2 a5 39. b5 cxb5 40. Bxb5 Qxc5 41. Rd3 Red8 42. Nd2 Qe7 43. Nb3 Bd6 44. Bc1 Bb4 45. Bd2 Rdc8 46. Rb1 Nf6 47. Rf1 Bxd2 48. Nxd2 Rc2 49. Rb3 Rac8 50. Bd3 Ra2 51. Rfb1 Ba8 52. Ne1 Rxa4 53. Rb6 Ra2 54. Kg2 Ng5 55. R6b2 Rxb2 56. Rxb2 Rc3 57. Rb5 a4 58. h4 Ne6 59. Nc4 Nh5 60. Qd2 Nc5 61. Nb6 Bc6 62. Nd5 Bxd5 63. exd5 Qd7 64. Be2 Qxd5 65. Nd3 Qd6 66. Nxc5 Rxc5 67. Qb4 Rc6 68. Qxd6 Rxd6 69. Rxe5 Re6 70. f4 Rxe5 71. fxe5 a3 72. Bc4 d3 73. Kf2 Nxg3 74. Ke3 Ne2 75. Kd2 g5 76. hxg5 hxg5 77. Ba2 g4 78. Bd5 g3 0-1

[Event "9th HDBank Open 2019"]
[Site "Ho Chi Minh City"]
[Date "2019.03.08"]
[Round "3.23"]
[White "Miciano, John Marvin"]
[Black "Tokhirjonova, Gulrukhbegim"]
[Result "1/2-1/2"]
[ECO "A00"]
[WhiteElo "2317"]
[BlackElo "2434"]
[Annotator "NA RC"]
[PlyCount "127"]
[EventDate "2019.03.07"]
[EventType "swiss"]
[EventCountry "VIE"]
[SourceTitle "playchess.com"]
[Source "ChessBase"]
[SourceQuality "1"]
[TimeControl "5400+30"]

1. g3 d5 2. Bg2 c6 3. Nf3 Bg4 4. O-O Nd7 5. d3 Ngf6 6. c4 e6 7. Be3 Be7 8. Qb3 Qc7 9. Nc3 dxc4 10. dxc4 O-O 11. Rad1 e5 12. h3 Bxf3 13. Bxf3 Bc5 14. Bc1 Rfe8 15. Qc2 Nf8 16. e3 Qe7 17. Na4 e4 18. Bg2 N8d7 19. b3 Bd6 20. Nc3 Nc5 21. b4 Nd3 22. Nxe4 Nxb4 23. Nxf6+ Qxf6 24. Qb1 Qe7 25. Rd4 Rad8 26. Re4 Qd7 27. Rd1 Qc7 28. Bb2 Na6 29. Ba1 Nc5 30. Rh4 h6 31. Rhd4 Bf8 32. Bf3 Rd6 33. Kg2 Red8 34. h4 Ne6 35. Rxd6 Rxd6 36. Rxd6 Bxd6 37. Bg4 Nc5 38. Bd4 Qe7 39. Qf5 Ne6 40. Bxa7 b5 41. Bd4 bxc4 42. Qc2 Nxd4 43. exd4 Bc7 44. Qxc4 Bb6 45. Bf3 Qf6 46. Bxc6 Bxd4 47. Bf3 g5 48. hxg5 hxg5 49. a4 Kg7 50. Qc2 Qe5 51. Be4 Bb6 52. Qd3 Qd4 53. Qc2 Qe5 54. Kf3 Qf6+ 55. Bf5 Qd4 56. Be4 Qf6+ 57. Bf5 Qd4 58. Qe2 Kf6 59. Bc2 Qd5+ 60. Qe4 Qxe4+ 61. Bxe4 Ke5 62. g4 f6 63. Bf5 Kd5 64. a5 1/2-1/2

[Event "9th HDBank Open 2019"]
[Site "Ho Chi Minh City"]
[Date "2019.03.08"]
[Round "3.24"]
[White "Arellano, Robert"]
[Black "Li, Yankai"]
[Result "0-1"]
[ECO "A46"]
[WhiteElo "2109"]
[BlackElo "2434"]
[Annotator "RC"]
[PlyCount "64"]
[EventDate "2019.03.07"]
[EventType "swiss"]
[EventCountry "VIE"]
[SourceTitle "playchess.com"]
[Source "ChessBase"]
[SourceQuality "1"]
[TimeControl "5400+30"]

1. d4 Nf6 2. Nf3 d5 3. g3 g6 4. Bg2 Bg7 5. O-O O-O 6. b3 c5 7. Bb2 cxd4 8. Bxd4 Nc6 9. Bb2 Qc7 10. Na3 Rd8 11. Qc1 e5 12. c4 d4 13. c5 Qe7 14. Nb5 Ne4 15. Nh4 Nxc5 16. Ba3 Bf8 17. Nc7 Qxc7 18. Bxc5 Bg7 19. Qa3 Bg4 20. Bf3 Bxf3 21. exf3 Qd7 22. Bb4 Qd5 23. Rac1 Bf6 24. Rc5 Qd7 25. Rb5 a6 26. Rb6 Re8 27. Ng2 Bd8 28. Bc5 Bxb6 29. Bxb6 Qd5 30. b4 Qb5 31. Bc5 b6 32. Bd6 Rad8 0-1

[Event "9th HDBank Open 2019"]
[Site "Ho Chi Minh City"]
[Date "2019.03.08"]
[Round "3.25"]
[White "Zhao, Yuanhe"]
[Black "Tong, Thai Hung"]
[Result "1/2-1/2"]
[ECO "A08"]
[WhiteElo "2431"]
[BlackElo "2185"]
[Annotator "NA"]
[PlyCount "158"]
[EventDate "2019.03.07"]
[EventType "swiss"]
[EventCountry "VIE"]
[SourceTitle "playchess.com"]
[Source "ChessBase"]
[SourceQuality "1"]
[TimeControl "5400+30"]

1. Nf3 d5 2. g3 c5 3. Bg2 Nf6 4. O-O Nc6 5. d4 cxd4 6. Nxd4 Qb6 7. Nb3 e6 8. N1d2 Be7 9. e4 O-O 10. exd5 exd5 11. Nf3 Bg4 12. Be3 Qc7 13. h3 Bf5 14. c3 h6 15. Re1 Rfe8 16. a4 Qd7 17. Kh2 Ne4 18. a5 a6 19. Nfd2 Bd6 20. Bb6 Ng5 21. h4 Rxe1 22. Qxe1 Re8 23. Qf1 Ne4 24. Rd1 Nf6 25. Nd4 Nxd4 26. Bxd4 Qe7 27. Kg1 Ne4 28. Nxe4 dxe4 29. Re1 Qc7 30. Bb6 Qc6 31. Re3 Bg6 32. Qd1 f5 33. Rd3 Be5 34. Rd8 Bf7 35. Qd2 Rxd8 36. Qxd8+ Qe8 37. Qd2 Be6 38. Be3 Qd7 39. Qxd7 Bxd7 40. f4 Bc7 41. b4 Bb5 42. Bh3 g6 43. h5 Kf7 44. Kf2 Bc4 45. Bd4 Bd6 46. Ke3 Be6 47. hxg6+ Kxg6 48. Bf1 Be7 49. Be2 h5 50. Kd2 h4 51. gxh4 Bxh4 52. c4 Bd8 53. Kc3 Bc7 54. Be3 Kf6 55. Kb3 Ke7 56. Ka4 Bd7+ 57. b5 axb5+ 58. cxb5 Kd8 59. Bc4 Kc8 60. Bd5 Bd6 61. Bc4 Kb8 62. Kb3 Bc7 63. a6 b6 64. Kc3 Ka7 65. Kd4 Bd6 66. Kd5 Bb4 67. Ke5 Ba3 68. Kf6 Bd6 69. Bf1 Bb4 70. Be2 Bd6 71. Bc4 Bb4 72. Be6 Bxb5 73. Kxf5 Bd3 74. Bd5 Kxa6 75. Bxe4 Bxe4+ 76. Kxe4 Kb7 77. Kd5 Kc7 78. f5 Kd7 79. Bxb6 Ke7 1/2-1/2

[Event "9th HDBank Open 2019"]
[Site "Ho Chi Minh City"]
[Date "2019.03.08"]
[Round "3.26"]
[White "Shyaamnikhil P"]
[Black "Kwon, Sehyun"]
[Result "1-0"]
[ECO "A05"]
[WhiteElo "2429"]
[BlackElo "2136"]
[Annotator "RC"]
[PlyCount "62"]
[EventDate "2019.03.07"]
[EventType "swiss"]
[EventCountry "VIE"]
[SourceTitle "playchess.com"]
[Source "ChessBase"]
[SourceQuality "1"]
[TimeControl "5400+30"]

1. Nf3 Nf6 2. g3 c5 3. Bg2 d5 4. c4 Nc6 5. cxd5 Nxd5 6. Nc3 Nc7 7. d3 e5 8. Nd2 Bd7 9. O-O Be7 10. Nc4 f6 11. f4 b5 12. Ne3 exf4 13. gxf4 Rc8 14. a4 b4 15. Ne4 O-O 16. Nc4 Ne8 17. f5 Ne5 18. Qb3 Kh8 19. Rf4 Nxc4 20. dxc4 Nd6 21. Ng3 Nf7 22. Rh4 Bd6 23. Qf3 Qe8 24. Ne4 Qe5 25. Ng3 Ng5 26. Bxg5 fxg5 27. Rxh7+ Kxh7 28. Qh5+ Kg8 29. Bd5+ Qxd5 30. cxd5 Bxg3 31. hxg3 Rxf5 1-0

[Event "9th HDBank Open 2019"]
[Site "Ho Chi Minh City"]
[Date "2019.03.09"]
[Round "4.1"]
[White "Iturrizaga Bonelli, Eduardo"]
[Black "Gukesh D"]
[Result "1-0"]
[ECO "E71"]
[WhiteElo "2639"]
[BlackElo "2529"]
[Annotator "ChessBase"]
[PlyCount "109"]
[EventDate "2019.03.07"]
[EventType "swiss"]
[EventCountry "VIE"]
[SourceTitle "playchess.com"]
[Source "ChessBase"]
[SourceQuality "1"]
[TimeControl "5400+30"]

1. d4 Nf6 2. c4 g6 3. Nc3 Bg7 4. e4 d6 5. h3 O-O 6. Be3 Na6 7. Nf3 c5 8. Be2 cxd4 9. Nxd4 Nc5 10. Qc2 b6 11. O-O-O Bb7 12. f3 Nh5 13. g4 Ng3 14. Rhg1 Nxe2+ 15. Qxe2 Rc8 16. h4 Ba6 17. Kb1 Na4 18. Ncb5 d5 19. exd5 Bxb5 20. cxb5 Qxd5 21. Nf5 Qc4 22. Qxc4 Rxc4 23. Nxg7 Kxg7 24. Rd7 e5 25. Rc1 Rb4 26. b3 Rxb5 27. Rxa7 Nc5 28. Bxc5 bxc5 29. Rc7 Rb4 30. R7xc5 Rf4 31. Rxe5 Rxf3 32. Re4 Rh3 33. g5 h6 34. Kb2 hxg5 35. hxg5 Rg3 36. Re5 Rb8 37. Rc3 Rg2+ 38. Rc2 Rg3 39. Ra5 Rb7 40. Ka3 Rb8 41. Rc4 Rg2 42. b4 Re8 43. Kb3 Ree2 44. a3 Rb2+ 45. Ka4 Rg3 46. Rcc5 Rbb3 47. Kb5 Rxa3 48. Rxa3 Rxa3 49. Kc6 f6 50. gxf6+ Kxf6 51. b5 Ke7 52. b6 Ra6 53. Kc7 Kf6 54. b7 Ra7 55. Kb6 1-0

[Event "9th HDBank Open 2019"]
[Site "Ho Chi Minh City"]
[Date "2019.03.09"]
[Round "4.2"]
[White "Chanda, Sandipan"]
[Black "Bogdanovich, Stanislav"]
[Result "0-1"]
[ECO "E46"]
[WhiteElo "2534"]
[BlackElo "2536"]
[Annotator "ChessBase"]
[PlyCount "94"]
[EventDate "2019.03.07"]
[EventType "swiss"]
[EventCountry "VIE"]
[SourceTitle "playchess.com"]
[Source "ChessBase"]
[SourceQuality "1"]
[TimeControl "5400+30"]

1. d4 Nf6 2. c4 e6 3. Nc3 Bb4 4. e3 O-O 5. Bd2 b6 6. Nf3 Bb7 7. Bd3 d5 8. cxd5 exd5 9. Rc1 Nbd7 10. O-O Be7 11. Be1 c5 12. Ne5 cxd4 13. Nxd7 Qxd7 14. exd4 Ne4 15. f3 Nd6 16. Bf2 Rac8 17. b3 Bg5 18. Rc2 Nf5 19. f4 Be7 20. Qg4 g6 21. Ne2 h5 22. Qh3 Rxc2 23. Bxc2 Ba6 24. Ng3 Bxf1 25. Bxf5 Qd6 26. Nxf1 gxf5 27. Qxf5 Qf6 28. Qxd5 Qxf4 29. Be3 Qg4 30. Qe5 Qe6 31. Qxh5 Bf6 32. d5 Qe4 33. Qh6 Bg7 34. Qg5 f6 35. Qg3 f5 36. Bf4 Qxd5 37. Ne3 Qd4 38. h4 Re8 39. Kh1 Qf6 40. h5 Kh7 41. Kh2 Re4 42. Nd5 Qe6 43. Nc7 Qf6 44. Nd5 Qf7 45. h6 Bd4 46. Ne3 Bxe3 47. Bxe3 f4 0-1

[Event "9th HDBank Open 2019"]
[Site "Ho Chi Minh City"]
[Date "2019.03.09"]
[Round "4.4"]
[White "Mareco, Sandro"]
[Black "Shyaamnikhil P"]
[Result "1-0"]
[ECO "A21"]
[WhiteElo "2666"]
[BlackElo "2429"]
[Annotator "RC"]
[PlyCount "45"]
[EventDate "2019.03.07"]
[EventType "swiss"]
[EventCountry "VIE"]
[SourceTitle "playchess.com"]
[Source "ChessBase"]
[SourceQuality "1"]
[TimeControl "5400+30"]

1. c4 e5 2. Nc3 d6 3. g3 f5 4. Bg2 Nf6 5. e3 c6 6. Nge2 Be7 7. O-O O-O 8. b3 Be6 9. f4 g6 10. h3 Nh5 11. d4 exf4 12. d5 Bf7 13. exf4 Qb6+ 14. Kh2 Nd7 15. Bb2 Ng7 16. dxc6 bxc6 17. Qd4 Bf6 18. Qxd6 Rad8 19. Qxc6 Nc5 20. Ba3 Rc8 21. Qxb6 axb6 22. Rad1 Rfe8 23. Rd6 1-0

[Event "9th HDBank Open 2019"]
[Site "Ho Chi Minh City"]
[Date "2019.03.09"]
[Round "4.6"]
[White "Li, Yankai"]
[Black "Van Wely, Loek"]
[Result "0-1"]
[ECO "A40"]
[WhiteElo "2434"]
[BlackElo "2612"]
[Annotator "ChessBase"]
[PlyCount "112"]
[EventDate "2019.03.07"]
[EventType "swiss"]
[EventCountry "VIE"]
[SourceTitle "playchess.com"]
[Source "ChessBase"]
[SourceQuality "1"]
[TimeControl "5400+30"]

1. d4 Nf6 2. c4 e6 3. g3 c5 4. Nf3 cxd4 5. Nxd4 d5 6. Bg2 e5 7. Nb3 d4 8. O-O Nc6 9. f4 e4 10. f5 g6 11. Na3 Bxf5 12. Nb5 Bg7 13. N3xd4 Nxd4 14. Qxd4 Qxd4+ 15. Nxd4 Bd7 16. Bf4 Ng4 17. Rad1 f5 18. h3 Ne5 19. Bxe5 Bxe5 20. g4 fxg4 21. hxg4 Bxg4 22. Bxe4 O-O-O 23. Bd5 Rhf8 24. Rxf8 Rxf8 25. Nf3 Bf4 26. Rd3 h5 27. c5 Re8 28. e4 g5 29. Nd4 h4 30. Nb5 Kb8 31. Rb3 Bd1 32. Ra3 g4 33. Nd6 Rf8 34. Rd3 Bf3 35. e5 Bxe5 36. Bxf3 Rxf3 37. Rxf3 gxf3 38. Ne4 Bd4+ 39. Kh2 Bxb2 40. Kh3 Bd4 41. Kxh4 f2 42. Nd2 Kc7 43. Kg4 Kc6 44. Kf3 Kxc5 45. Ke4 Bc3 46. Nf1 Kb4 47. Kd3 Bf6 48. Kc2 Ka3 49. Kb1 Bg5 50. Ka1 Bf4 51. Kb1 a5 52. Ka1 a4 53. Kb1 b5 54. Ka1 b4 55. Kb1 b3 56. axb3 Kxb3 0-1

[Event "9th HDBank Open 2019"]
[Site "Ho Chi Minh City"]
[Date "2019.03.09"]
[Round "4.7"]
[White "Laylo, Darwin"]
[Black "Popov, Ivan"]
[Result "1/2-1/2"]
[ECO "D30"]
[WhiteElo "2430"]
[BlackElo "2581"]
[Annotator "ChessBase"]
[PlyCount "41"]
[EventDate "2019.03.07"]
[EventType "swiss"]
[EventCountry "VIE"]
[SourceTitle "playchess.com"]
[Source "ChessBase"]
[SourceQuality "1"]
[TimeControl "5400+30"]

1. c4 Nf6 2. Nf3 e6 3. d4 d5 4. Bg5 dxc4 5. Nbd2 c5 6. Nxc4 cxd4 7. Qxd4 Qxd4 8. Nxd4 Ne4 9. Be3 Bb4+ 10. Nd2 Ke7 11. N4b3 Rd8 12. a3 Nxd2 13. Nxd2 Ba5 14. O-O-O Nd7 15. g3 Bb6 16. Bxb6 Nxb6 17. Bg2 Bd7 18. b3 Bc6 19. Bxc6 Rac8 20. Kb2 Rxc6 21. Nf3 1/2-1/2

[Event "9th HDBank Open 2019"]
[Site "Ho Chi Minh City"]
[Date "2019.03.09"]
[Round "4.8"]
[White "Tran, Tuan Minh"]
[Black "Laxman, R.R."]
[Result "1/2-1/2"]
[ECO "A25"]
[WhiteElo "2556"]
[BlackElo "2425"]
[Annotator "ChessBase"]
[PlyCount "145"]
[EventDate "2019.03.07"]
[EventType "swiss"]
[EventCountry "VIE"]
[SourceTitle "playchess.com"]
[Source "ChessBase"]
[SourceQuality "1"]
[TimeControl "5400+30"]

1. c4 e5 2. g3 Nc6 3. Bg2 d6 4. Nc3 Be6 5. d3 Qd7 6. Rb1 g6 7. b4 Bg7 8. a4 a6 9. Nf3 h6 10. Nd5 Nce7 11. e4 Nxd5 12. cxd5 Bh3 13. O-O Bxg2 14. Kxg2 Nf6 15. Nd2 h5 16. h3 b5 17. Bb2 h4 18. g4 c6 19. dxc6 Qxc6 20. Nf3 bxa4 21. Ra1 Nd7 22. Qxa4 Qxa4 23. Rxa4 Ke7 24. Rfa1 Rab8 25. Bc3 f5 26. gxf5 gxf5 27. Rxa6 fxe4 28. dxe4 Rhc8 29. Bd2 Bf6 30. Nh2 Rc4 31. Re1 Ke6 32. Ng4 Bd8 33. Ra3 Bb6 34. Rf3 Bd4 35. Nh6 Rc2 36. Bg5 Rf8 37. Bxh4 Rxf3 38. Kxf3 Rc3+ 39. Kg2 Rb3 40. Rg1 Rxb4 41. Kh2 Nc5 42. Rg4 Bc3 43. Rg6+ Kd7 44. f3 Rb2+ 45. Rg2 Bd2 46. Ng4 Nd3 47. Bg3 Nf4 48. Rf2 Nd3 49. Re2 Nf4 50. Rf2 Nd3 51. Rg2 Nf4 52. Bxf4 Bxf4+ 53. Kh1 Rb1+ 54. Rg1 Rb2 55. h4 Ke6 56. Rd1 Rb3 57. Kg2 Rb2+ 58. Kh3 Rb3 59. Rf1 d5 60. exd5+ Kxd5 61. h5 Ke6 62. Kh4 Kf5 63. h6 Kg6 64. Ra1 Bg5+ 65. Kg3 Bf4+ 66. Kg2 Rb2+ 67. Kh3 Rb6 68. Ra5 Re6 69. Kh4 Bg5+ 70. Kg3 Bf4+ 71. Kh4 Bg5+ 72. Kg3 Bf4+ 73. Kh4 1/2-1/2

[Event "9th HDBank Open 2019"]
[Site "Ho Chi Minh City"]
[Date "2019.03.09"]
[Round "4.9"]
[White "Megaranto, Susanto"]
[Black "Cao, Sang"]
[Result "1-0"]
[ECO "A47"]
[WhiteElo "2526"]
[BlackElo "2385"]
[Annotator "ChessBase"]
[PlyCount "137"]
[EventDate "2019.03.07"]
[EventType "swiss"]
[EventCountry "VIE"]
[SourceTitle "playchess.com"]
[Source "ChessBase"]
[SourceQuality "1"]
[TimeControl "5400+30"]

1. d4 Nf6 2. Nf3 b6 3. Bg5 Bb7 4. e3 e6 5. Nbd2 Be7 6. Bd3 h6 7. Bxf6 Bxf6 8. O-O d6 9. c3 Nd7 10. Qe2 a6 11. a4 O-O 12. e4 e5 13. dxe5 dxe5 14. Rfd1 Qe7 15. Nc4 Rfd8 16. b4 Nf8 17. Ne3 a5 18. Nf5 Qe8 19. Bb5 Rxd1+ 20. Rxd1 Qe6 21. Qc2 Be7 22. Ne3 Bf6 23. h3 g6 24. Bc4 Qe8 25. Bd5 c6 26. Bb3 Ba6 27. Ng4 Bg7 28. Rd6 Bc8 29. Nf6+ Bxf6 30. Rxf6 Ra7 31. Qd2 Kg7 32. Rd6 Rd7 33. Rxd7 Qxd7 34. Qe3 Qc7 35. bxa5 bxa5 36. Qc5 f6 37. Nd2 Ne6 38. Bxe6 Bxe6 39. Kf1 h5 40. h4 Qb7 41. Ke2 Qa6+ 42. c4 Bf7 43. Kd3 Qc8 44. f3 Qe6 45. Nb3 f5 46. Nd2 Qf6 47. Qxa5 fxe4+ 48. Nxe4 Qxh4 49. Qxe5+ Kg8 50. Qb8+ Kg7 51. Qe5+ Kg8 52. Nd6 Qh1 53. Qf6 Qd1+ 54. Ke3 Qe1+ 55. Kf4 Qd2+ 56. Kg3 Qe1+ 57. Kh2 Be8 58. a5 h4 59. Qg5 c5 60. a6 Kh7 61. Nxe8 Qxe8 62. Qxh4+ Kg8 63. Qg3 Kf7 64. Qc7+ Ke6 65. Qb6+ Kf7 66. Qxc5 Qh8+ 67. Kg3 Qb8+ 68. f4 Qb3+ 69. Kh2 1-0

[Event "9th HDBank Open 2019"]
[Site "Ho Chi Minh City"]
[Date "2019.03.09"]
[Round "4.10"]
[White "Xu, Yi"]
[Black "Chu, Wei Chao"]
[Result "1-0"]
[ECO "B12"]
[WhiteElo "2520"]
[BlackElo "2373"]
[Annotator "ChessBase"]
[PlyCount "43"]
[EventDate "2019.03.07"]
[EventType "swiss"]
[EventCountry "VIE"]
[SourceTitle "playchess.com"]
[Source "ChessBase"]
[SourceQuality "1"]
[TimeControl "5400+30"]

1. e4 c6 2. d4 d5 3. e5 c5 4. dxc5 e6 5. a3 Bxc5 6. b4 Bb6 7. Qg4 Ne7 8. Nf3 Ng6 9. Bd3 a5 10. Bb2 axb4 11. axb4 Rxa1 12. Bxa1 Qe7 13. O-O Na6 14. Bc3 Bd7 15. h4 d4 16. b5 Nb4 17. Bxb4 Qxb4 18. h5 Ne7 19. Qxg7 Rg8 20. Qxh7 Bxb5 21. h6 Kf8 22. Nbd2 1-0

[Event "9th HDBank Open 2019"]
[Site "Ho Chi Minh City"]
[Date "2019.03.09"]
[Round "4.11"]
[White "Karthik Venkataraman"]
[Black "Kulkarni, Rakesh"]
[Result "1-0"]
[ECO "A44"]
[WhiteElo "2494"]
[BlackElo "2298"]
[Annotator "RC"]
[PlyCount "89"]
[EventDate "2019.03.07"]
[EventType "swiss"]
[EventCountry "VIE"]
[SourceTitle "playchess.com"]
[Source "ChessBase"]
[SourceQuality "1"]
[TimeControl "5400+30"]

1. d4 c5 2. d5 e5 3. e4 d6 4. Nc3 g6 5. Be2 Bg7 6. Nf3 Ne7 7. Nd2 Nd7 8. a4 O-O 9. a5 f5 10. h4 Nf6 11. h5 Bd7 12. hxg6 hxg6 13. Nc4 Qc7 14. Bg5 b5 15. axb6 axb6 16. Rxa8 Rxa8 17. Nxe5 Nxe4 18. Nxe4 fxe4 19. Nxd7 Qxd7 20. c3 Rf8 21. Rh4 Qf5 22. Be3 Qe5 23. Qc2 Nf5 24. Rxe4 Qh2 25. Bf3 Ra8 26. Ke2 Qg1 27. Qc1 Qxc1 28. Bxc1 Ra1 29. Bg5 Ra2 30. g4 Rxb2+ 31. Kf1 Nh6 32. Bxh6 Bxh6 33. Re6 Bf4 34. Rxg6+ Kf7 35. Be4 b5 36. g5 Be5 37. Re6 b4 38. f4 Bxc3 39. f5 c4 40. f6 Bxf6 41. Rxf6+ Kg7 42. Rxd6 b3 43. Rd7+ Kg8 44. Bf5 Rc2 45. Be6+ 1-0

[Event "9th HDBank Open 2019"]
[Site "Ho Chi Minh City"]
[Date "2019.03.09"]
[Round "4.14"]
[White "Predke, Alexandr"]
[Black "Vo, Thanh Ninh"]
[Result "1-0"]
[ECO "A05"]
[WhiteElo "2611"]
[BlackElo "2358"]
[Annotator "ChessBase"]
[PlyCount "157"]
[EventDate "2019.03.07"]
[EventType "swiss"]
[EventCountry "VIE"]
[SourceTitle "playchess.com"]
[Source "ChessBase"]
[SourceQuality "1"]
[TimeControl "5400+30"]

1. Nf3 Nf6 2. g3 g6 3. Bg2 Bg7 4. O-O O-O 5. d4 d6 6. b3 e5 7. dxe5 Ng4 8. Bg5 Qd7 9. Nc3 h6 10. Bd2 Nxe5 11. Nxe5 Bxe5 12. Qe1 Bg7 13. Rd1 Nc6 14. Nd5 f5 15. Bc3 Kh7 16. b4 Ne5 17. b5 c6 18. bxc6 bxc6 19. Nb4 Bb7 20. Nd3 Nxd3 21. Rxd3 Bf6 22. Bxf6 Rxf6 23. Qa5 c5 24. Qxc5 Bxg2 25. Kxg2 Qb7+ 26. Qd5 Qxd5+ 27. Rxd5 Rc8 28. Rc1 Rc3 29. Rd3 Rc6 30. Ra3 Rf7 31. Kf3 Rfc7 32. c3 Kg7 33. Ke3 Kf6 34. Kd3 Rb6 35. Kc2 Re7 36. e3 Ke5 37. f3 Kf6 38. Re1 Rc6 39. Re2 Rb6 40. Rb3 Ra6 41. Kd3 Ra5 42. Rb4 Rc7 43. a4 Rac5 44. Rc2 Ke6 45. Rb5 a6 46. Rb4 Rd5+ 47. Rd4 Rb7 48. Rd2 Rc5 49. Kc2 Rb6 50. e4 Rbc6 51. exf5+ Rxf5 52. Re2+ Kf6 53. Re3 g5 54. h4 Re5 55. Rxe5 Kxe5 56. Re4+ Kf6 57. Kd3 d5 58. Rb4 Ke5 59. hxg5 hxg5 60. Rb8 Rc4 61. Rb4 Rc6 62. Rg4 Kf5 63. c4 Rc5 64. Rd4 dxc4+ 65. Rxc4 Rd5+ 66. Ke3 Re5+ 67. Kd4 Re6 68. Rc5+ Kg6 69. a5 Rf6 70. Ke4 Re6+ 71. Re5 Rc6 72. g4 Rf6 73. Re7 Rc6 74. Rb7 Rc4+ 75. Kd3 Rf4 76. Rb6+ Kf7 77. Ke3 Rf6 78. Rxf6+ Kxf6 79. Kd4 1-0

[Event "9th HDBank Open 2019"]
[Site "Ho Chi Minh City"]
[Date "2019.03.09"]
[Round "4.15"]
[White "Setyaki, Azarya Jodi"]
[Black "Wen, Yang"]
[Result "0-1"]
[ECO "B15"]
[WhiteElo "2378"]
[BlackElo "2599"]
[Annotator "ChessBase"]
[PlyCount "110"]
[EventDate "2019.03.07"]
[EventType "swiss"]
[EventCountry "VIE"]
[SourceTitle "playchess.com"]
[Source "ChessBase"]
[SourceQuality "1"]
[TimeControl "5400+30"]

1. e4 c6 2. d4 d5 3. Nd2 dxe4 4. Nxe4 Nf6 5. Nxf6+ exf6 6. c3 Bd6 7. Bd3 O-O 8. Qc2 Re8+ 9. Ne2 h5 10. O-O h4 11. h3 Nd7 12. Bf4 Nf8 13. Bxd6 Qxd6 14. Rae1 Bd7 15. Qd2 Ne6 16. Qe3 Nc5 17. Qf4 Qxf4 18. Nxf4 Nxd3 19. Nxd3 Be6 20. a3 Kf8 21. Nc1 Red8 22. Rd1 a5 23. Rfe1 a4 24. Nd3 b6 25. Nb4 Bb3 26. Nxc6 Rd6 27. d5 Bxd1 28. Rxd1 Re8 29. Kf1 Re4 30. f3 Rc4 31. Nb4 Ke7 32. Kf2 Kd7 33. Nc2 Kc7 34. Ne3 Rf4 35. g3 hxg3+ 36. Kxg3 g5 37. Ng2 Rf5 38. Ne3 Re5 39. Kf2 Rd8 40. Rd4 b5 41. c4 f5 42. f4 gxf4 43. Rxf4 Rde8 44. Nxf5 Re4 45. Rf3 Re2+ 46. Kg3 Rxb2 47. c5 Rb3 48. Nd4 Ree3 49. Nxb5+ Kd8 50. Rxe3 Rxe3+ 51. Kf4 Rb3 52. Na7 Rxa3 53. c6 Rxh3 54. d6 Rc3 55. Nb5 Ke8 0-1

[Event "9th HDBank Open 2019"]
[Site "Ho Chi Minh City"]
[Date "2019.03.09"]
[Round "4.16"]
[White "Huang, Renjie"]
[Black "Nasanjargal, Urtnasan"]
[Result "1/2-1/2"]
[ECO "E97"]
[WhiteElo "2335"]
[BlackElo "2503"]
[Annotator "ChessBase"]
[PlyCount "124"]
[EventDate "2019.03.07"]
[EventType "swiss"]
[EventCountry "VIE"]
[SourceTitle "playchess.com"]
[Source "ChessBase"]
[SourceQuality "1"]
[TimeControl "5400+30"]

1. e4 g6 2. d4 Bg7 3. Nf3 d6 4. c4 Nf6 5. Nc3 O-O 6. Be2 e5 7. O-O Nc6 8. dxe5 dxe5 9. Qxd8 Rxd8 10. Bg5 Rf8 11. h3 Nd4 12. Nxd4 exd4 13. Bxf6 Bxf6 14. Nd5 Bd8 15. Bg4 f5 16. exf5 h5 17. Bf3 c6 18. Nf4 Bxf5 19. Rfe1 Ba5 20. Re7 Rae8 21. Rxe8 Rxe8 22. Rd1 Bc7 23. g4 hxg4 24. hxg4 Be4 25. Bxe4 Rxe4 26. Nd3 Rxg4+ 27. Kf1 Kf7 28. Ke2 Rh4 29. Kf3 b6 30. b4 g5 31. Re1 g4+ 32. Ke4 g3+ 33. f4 Rh2 34. Rg1 Re2+ 35. Kxd4 g2 36. Ne1 Bd6 37. Kd3 Rxa2 38. Nc2 Bf8 39. f5 Rb2 40. Rxg2 Bxb4 41. Rg6 Rb3+ 42. Ke4 Bc5 43. Nd4 Bxd4 44. Kxd4 c5+ 45. Ke5 Re3+ 46. Kd5 Re8 47. Kc6 Re4 48. Kb5 Re1 49. Rh6 Rb1+ 50. Ka6 Ra1+ 51. Kb5 Kg7 52. Rg6+ Kf7 53. Rh6 Ke7 54. Kc6 Ra4 55. Kd5 Kf7 56. Ke5 Rxc4 57. Rh7+ Kg8 58. Rxa7 Rc1 59. Rb7 Rb1 60. Kd5 c4 61. Kxc4 Rf1 62. Rxb6 Rxf5 1/2-1/2

[Event "9th HDBank Open 2019"]
[Site "Ho Chi Minh City"]
[Date "2019.03.09"]
[Round "4.17"]
[White "Nguyen, Anh Dung"]
[Black "Raghunandan, Kaumandur Srihari"]
[Result "1-0"]
[ECO "E81"]
[WhiteElo "2458"]
[BlackElo "2352"]
[Annotator "ChessBase"]
[PlyCount "103"]
[EventDate "2019.03.07"]
[EventType "swiss"]
[EventCountry "VIE"]
[SourceTitle "playchess.com"]
[Source "ChessBase"]
[SourceQuality "1"]
[TimeControl "5400+30"]

1. d4 Nf6 2. c4 g6 3. Nc3 Bg7 4. e4 d6 5. f3 O-O 6. Be3 c5 7. Nge2 Nc6 8. Qd2 Qa5 9. d5 Ne5 10. Nc1 e6 11. a4 a6 12. Ra3 exd5 13. cxd5 Qd8 14. Be2 Ne8 15. O-O f5 16. f4 Nf7 17. Bf3 Nf6 18. e5 dxe5 19. Bxc5 Re8 20. Rd1 Bh6 21. d6 Bxf4 22. Qf2 e4 23. Be2 Be5 24. Rb3 f4 25. Nd5 Nxd5 26. Rxd5 Be6 27. Rxe5 Nxe5 28. Rxb7 f3 29. Bf1 fxg2 30. Bxg2 Rc8 31. Ne2 Rf8 32. Qd4 Qg5 33. Kh1 Nd7 34. b4 Rf7 35. Qxe4 Re8 36. Be3 Qe5 37. Qxe5 Nxe5 38. Nf4 Rxb7 39. Bxb7 Nf7 40. Nxe6 Rxe6 41. Bc5 Re1+ 42. Kg2 Rd1 43. Bxa6 Nxd6 44. a5 Kf7 45. Be2 Rd2 46. Kf3 Ke6 47. a6 Ra2 48. b5 Kd5 49. Bf2 Nc4 50. a7 Nd6 51. Kg2 Nc4 52. Bxc4+ 1-0